[Event "Wuerttemberg Rapid Teams 2024"]
[Site "B?blingen, Germany"]
[Date "2024.04.13"]
[Round "9.9"]
[White "Kabisch, Thilo"]
[Black "Kuklin, Valentin"]
[Result "0-1"]
[ECO "B40"]
[WhiteElo "2228"]
[BlackElo "2367"]
[Annotator "RC"]
[PlyCount "116"]
[EventDate "2024.04.13"]
[EventType "team-tourn"]
[SourceTitle "playchess.com"]
[Source "ChessBase"]
[SourceQuality "1"]
[TimeControl "900+5"]

1. e4 e6 2. Nf3 d5 3. e5 c5 4. c3 Nc6 5. Na3 Nge7 6. Nc2 d4 7. Bd3 Ng6 8. Bxg6 hxg6 9. d3 Be7 10. Qe2 b6 11. cxd4 cxd4 12. Bd2 Bb7 13. Rc1 Qd5 14. O-O Qxa2 15. Ncxd4 Nxd4 16. Nxd4 Qd5 17. Nf3 Ba6 18. Rfd1 O-O 19. Bg5 Bxg5 20. Nxg5 Rfc8 21. Rc3 Rxc3 22. bxc3 Rd8 23. Qe3 Qb3 24. Qf3 Rf8 25. c4 Bb7 26. Qe2 a5 27. Re1 Qc3 28. Qe3 Rd8 29. Rf1 Qxd3 30. Qxb6 Qd7 31. Qxa5 Rc8 32. Qc3 Qc7 33. Rc1 Ra8 34. c5 Bc6 35. Re1 Ra4 36. Rd1 Rg4 37. Nf3 Bd5 38. Rd4 Bxf3 39. Rxg4 Bxg4 40. f3 Bf5 41. g4 Bb1 42. Kf2 Ba2 43. h4 Bd5 44. Ke3 Qb7 45. f4 Bg2 46. Kf2 Bh1 47. h5 Qg2+ 48. Ke3 Qg3+ 49. Kd4 Qxf4+ 50. Kd3 Qf3+ 51. Kc4 Qxc3+ 52. Kxc3 gxh5 53. gxh5 Kh7 54. Kb4 Kh6 55. Kb5 Kxh5 56. c6 Bxc6+ 57. Kxc6 g5 58. Kd6 Kg6 0-1

[Event "Wuerttemberg Rapid Teams 2024"]
[Site "B?blingen, Germany"]
[Date "2024.04.13"]
[Round "9.10"]
[White "Vujic, Branimir"]
[Black "Trachtmann, Mark"]
[Result "1-0"]
[ECO "A45"]
[WhiteElo "2218"]
[BlackElo "2203"]
[Annotator "RC"]
[PlyCount "66"]
[EventDate "2024.04.13"]
[EventType "team-tourn"]
[SourceTitle "playchess.com"]
[Source "ChessBase"]
[SourceQuality "1"]
[TimeControl "900+5"]

1. d4 Nf6 2. Bf4 g6 3. Nc3 d5 4. Qd2 Bg7 5. O-O-O O-O 6. Kb1 c6 7. Bh6 b5 8. f3 b4 9. Na4 a5 10. h4 Qd6 11. Bf4 Qd8 12. g4 h5 13. Bh6 Nbd7 14. Bh3 e5 15. gxh5 Nxh5 16. Bxd7 Bxd7 17. Bxg7 Kxg7 18. dxe5 Qe7 19. Qd4 Bf5 20. e3 Rfe8 21. f4 f6 22. exf6+ Qxf6 23. Qc5 Re4 24. Nb6 Rae8 25. Ne2 Bg4 26. Rd2 Rxe3 27. Nc1 Re1 28. Rxe1 Rxe1 29. Rf2 Ng3 30. Qxa5 Ne4 31. Qxb4 Rxc1+ 32. Kxc1 Nxf2 33. a4 Ne4 1-0

[Event "Wuerttemberg Rapid Teams 2024"]
[Site "B?blingen, Germany"]
[Date "2024.04.13"]
[Round "9.11"]
[White "Krockenberger, Martin"]
[Black "Schuh, Karsten"]
[Result "1-0"]
[ECO "A80"]
[WhiteElo "2125"]
[BlackElo "2133"]
[Annotator "RC"]
[PlyCount "75"]
[EventDate "2024.04.13"]
[EventType "team-tourn"]
[SourceTitle "playchess.com"]
[Source "ChessBase"]
[SourceQuality "1"]
[TimeControl "900+5"]

1. d4 f5 2. Nc3 d5 3. Nf3 Nf6 4. Bg5 e6 5. e3 Be7 6. Bd3 b6 7. O-O O-O 8. Ne2 Ne4 9. Bxe7 Qxe7 10. c4 c6 11. Ne5 Bb7 12. cxd5 exd5 13. Rc1 Rf6 14. f3 Nd6 15. Qb3 Nf7 16. f4 Nd7 17. Rc3 Rc8 18. Rfc1 Nb8 19. a4 Nd8 20. a5 c5 21. Qc2 g6 22. dxc5 bxa5 23. Nd4 Nbc6 24. Ndf3 Nb4 25. Qb1 Ndc6 26. Bb5 a6 27. Bxc6 Bxc6 28. Qa1 Qc7 29. Nd4 Bb5 30. h3 Kg7 31. Kh2 Nc6 32. Ndxc6 Bxc6 33. b3 Rb8 34. R1c2 Rb4 35. Ra2 a4 36. bxa4 Qb7 37. Rcc2 Kg8 38. Nd3 1-0

[Event "Wuerttemberg Rapid Teams 2024"]
[Site "B?blingen, Germany"]
[Date "2024.04.13"]
[Round "9.12"]
[White "Schuh, Bernd-Martin"]
[Black "Eisele, Steffen"]
[Result "1/2-1/2"]
[ECO "A12"]
[WhiteElo "1976"]
[BlackElo "2230"]
[Annotator "RC"]
[PlyCount "90"]
[EventDate "2024.04.13"]
[EventType "team-tourn"]
[SourceTitle "playchess.com"]
[Source "ChessBase"]
[SourceQuality "1"]
[TimeControl "900+5"]

1. Nf3 d5 2. g3 Bg4 3. Bg2 Nd7 4. c4 e6 5. b3 Ngf6 6. Bb2 Be7 7. d3 O-O 8. O-O a5 9. a3 c6 10. Nbd2 h6 11. Qc2 Ne8 12. e4 Bf6 13. e5 Be7 14. cxd5 exd5 15. d4 f6 16. Qg6 Be6 17. Rae1 Bf7 18. Qg4 h5 19. Qh3 Bg6 20. Re3 Nc7 21. Nh4 Bh7 22. Bf3 fxe5 23. Bxh5 Bxh4 24. gxh4 Nf6 25. Rxe5 Nxh5 26. Rxh5 Qf6 27. Qg3 Ne6 28. Re5 Nf4 29. Re3 Rae8 30. Kh1 Qf5 31. Rg1 Qf7 32. Rf3 Be4 33. Nxe4 Rxe4 34. Qg5 Qe7 35. Qxe7 Rxe7 36. Bc1 Ne2 37. Rxf8+ Kxf8 38. Rd1 Re4 39. Be3 Rxh4 40. Kg2 Nf4+ 41. Kg3 g5 42. Bxf4 Rxf4 43. f3 Kf7 44. Rd3 Kf6 45. h3 Kf5 1/2-1/2

[Event "Wuerttemberg Rapid Teams 2024"]
[Site "B?blingen, Germany"]
[Date "2024.04.13"]
[Round "9.13"]
[White "Kerpe, Andreas"]
[Black "Braeuning, Rudolf Wilhelm"]
[Result "1/2-1/2"]
[ECO "B26"]
[WhiteElo "2146"]
[BlackElo "2194"]
[Annotator "RC"]
[PlyCount "76"]
[EventDate "2024.04.13"]
[EventType "team-tourn"]
[SourceTitle "playchess.com"]
[Source "ChessBase"]
[SourceQuality "1"]
[TimeControl "900+5"]

1. e4 c5 2. Nc3 Nc6 3. g3 g6 4. Bg2 Bg7 5. d3 Rb8 6. Be3 d6 7. Qd2 b5 8. f4 b4 9. Nd1 e5 10. Nf3 Nge7 11. O-O O-O 12. fxe5 Nxe5 13. Nxe5 Bxe5 14. Bh6 Bg7 15. Bxg7 Kxg7 16. Ne3 Nc6 17. Nd5 Be6 18. Nf6 Ne5 19. a3 b3 20. c3 Nd7 21. Nxd7 Qxd7 22. c4 f6 23. Qc3 Bg8 24. Rac1 Qe7 25. Bh3 Qe5 26. Rf2 Qxc3 27. Rxc3 Rf7 28. Be6 Rfb7 29. Bxg8 Rxg8 30. Rc1 a5 31. Rcf1 Rf8 32. Kg2 a4 33. Kh3 Re7 34. Kg2 Re6 35. g4 g5 36. Kg3 h6 37. h4 Ree8 38. h5 Re6 1/2-1/2

[Event "Wuerttemberg Rapid Teams 2024"]
[Site "B?blingen, Germany"]
[Date "2024.04.13"]
[Round "9.14"]
[White "Hartmann, Martin"]
[Black "Vaysberg, Alexander"]
[Result "1/2-1/2"]
[ECO "B20"]
[WhiteElo "2158"]
[BlackElo "2152"]
[Annotator "RC"]
[PlyCount "140"]
[EventDate "2024.04.13"]
[EventType "team-tourn"]
[SourceTitle "playchess.com"]
[Source "ChessBase"]
[SourceQuality "1"]
[TimeControl "900+5"]

1. e4 c5 2. a3 g6 3. Nc3 Bg7 4. Nf3 Nc6 5. Bc4 e6 6. d4 Nxd4 7. Nxd4 cxd4 8. Nb5 Qb6 9. c3 a6 10. Nxd4 Ne7 11. O-O O-O 12. b4 Qc7 13. Qd3 b5 14. Bb3 Bb7 15. Be3 d5 16. exd5 Nxd5 17. Rac1 Nxe3 18. Qxe3 Rfd8 19. Rfd1 Bd5 20. Bxd5 Rxd5 21. Rd2 Rad8 22. Rcd1 Qc4 23. h3 Bf6 24. f4 Kg7 25. Qd3 Qxd3 26. Rxd3 Bxd4+ 27. Rxd4 Rxd4 28. cxd4 Rc8 29. Rd3 Rc2 30. Kh2 Kf6 31. Kg3 Ke7 32. d5 exd5 33. Rxd5 Rc3+ 34. Kh4 Rxa3 35. Rc5 h6 36. g4 Ra4 37. Rc7+ Kf6 38. Kg3 Rxb4 39. Rc6+ Kg7 40. Rxa6 Rb1 41. Rb6 b4 42. Kh4 Rb3 43. Rb7 Kf8 44. Rb8+ Ke7 45. Rb7+ Ke6 46. Rb6+ Ke7 47. Rb7+ Kf6 48. Rb6+ Kg7 49. Rb7 Rb1 50. Rb8 b3 51. Rb6 b2 52. Rb7 Kf8 53. f5 Ke8 54. Rb3 gxf5 55. gxf5 Ke7 56. Rb6 Kd7 57. Kh5 Rh1 58. Rxb2 Rxh3+ 59. Kg4 Rh1 60. Re2 Kd6 61. Kg3 Rh5 62. Kg4 Rh1 63. Re8 h5+ 64. Kg5 Kd7 65. Re2 h4 66. Kf6 Rf1 67. Re7+ Kd6 68. Rxf7 h3 69. Rh7 Rf3 70. Rh4 Kd5 1/2-1/2

[Event "Wuerttemberg Rapid Teams 2024"]
[Site "B?blingen, Germany"]
[Date "2024.04.13"]
[Round "9.15"]
[White "Jerie, Sven"]
[Black "Freiherr von Hauff, Christopher"]
[Result "0-1"]
[ECO "B31"]
[WhiteElo "2018"]
[BlackElo "1960"]
[Annotator "RC"]
[PlyCount "96"]
[EventDate "2024.04.13"]
[EventType "team-tourn"]
[SourceTitle "playchess.com"]
[Source "ChessBase"]
[SourceQuality "1"]
[TimeControl "900+5"]

1. e4 c5 2. Be2 Nf6 3. d3 d5 4. e5 Nfd7 5. f4 Nb6 6. Nf3 Nc6 7. c3 Bg4 8. O-O e6 9. d4 Rc8 10. Be3 Bxf3 11. Bxf3 cxd4 12. cxd4 Nc4 13. Bf2 Nxb2 14. Qb3 Qb6 15. Qxb6 axb6 16. Nc3 Bb4 17. Nb5 O-O 18. g4 Nd3 19. Be3 Na5 20. Be2 Nc4 21. Bc1 Nxc1 22. Raxc1 Bd2 23. Rc2 Be3+ 24. Kh1 Nd2 25. Rfc1 Ra8 26. f5 Ne4 27. Rf1 Rac8 28. Rb2 Rc6 29. Bd3 Nc3 30. fxe6 Nxb5 31. exf7+ Rxf7 32. Rxf7 Kxf7 33. Rxb5 Bxd4 34. Rxd5 Bb2 35. Bxh7 Ke6 36. Bg8+ Ke7 37. e6 Rd6 38. Rf5 Rd8 39. Rf7+ Kxe6 40. Rf2+ Rxg8 41. Rxb2 Kd6 42. Rxb6+ Kc7 43. Rg6 b5 44. h4 b4 45. h5 Ra8 46. Rxg7+ Kd6 47. h6 Ra3 48. g5 Ke6 0-1

[Event "Wuerttemberg Rapid Teams 2024"]
[Site "B?blingen, Germany"]
[Date "2024.04.13"]
[Round "9.16"]
[White "Deubel, Silas"]
[Black "Schaffert, Walter"]
[Result "1-0"]
[ECO "A04"]
[WhiteElo "1851"]
[BlackElo "2033"]
[Annotator "NA RC"]
[PlyCount "61"]
[EventDate "2024.04.13"]
[EventType "team-tourn"]
[SourceTitle "playchess.com"]
[Source "ChessBase"]
[SourceQuality "1"]
[TimeControl "900+5"]

1. Nf3 c5 2. e3 g6 3. h4 Nf6 4. d4 cxd4 5. exd4 d5 6. Ne5 Nc6 7. Bb5 Qb6 8. Bxc6+ bxc6 9. h5 Nxh5 10. Rxh5 gxh5 11. Qxh5 Be6 12. c3 Bg7 13. Nd3 O-O-O 14. Nd2 Kb8 15. Nb3 f6 16. Nbc5 Bc8 17. a4 e5 18. Ra3 Ka8 19. Qf7 Bf8 20. Rb3 Bxc5 21. Rxb6 Bxb6 22. Qxf6 exd4 23. Qxc6+ Bb7 24. Qb5 Rhe8+ 25. Kf1 dxc3 26. bxc3 d4 27. a5 Bc7 28. a6 Be4 29. Nc5 Rb8 30. Qa4 Rb1 31. Qxe8+ 1-0

[Event "Wuerttemberg Rapid Teams 2024"]
[Site "B?blingen, Germany"]
[Date "2024.04.13"]
[Round "9.17"]
[White "Seitz, Patrick"]
[Black "Oberst, Thomas"]
[Result "0-1"]
[ECO "A21"]
[WhiteElo "2125"]
[BlackElo "2227"]
[Annotator "RC"]
[PlyCount "100"]
[EventDate "2024.04.13"]
[EventType "team-tourn"]
[SourceTitle "playchess.com"]
[Source "ChessBase"]
[SourceQuality "1"]
[TimeControl "900+5"]

1. c4 e5 2. a3 c5 3. Nc3 Nc6 4. g3 g6 5. Bg2 Bg7 6. d3 f5 7. e3 Nf6 8. Nge2 O-O 9. O-O d6 10. Rb1 Bd7 11. b4 Rb8 12. b5 Ne7 13. Bb2 a6 14. a4 Be6 15. Qb3 d5 16. cxd5 Nfxd5 17. Nxd5 Nxd5 18. Qa3 axb5 19. axb5 b6 20. Ra1 Nb4 21. d4 Nc2 22. Qa4 Nxa1 23. Qxa1 cxd4 24. exd4 e4 25. Nf4 Bc4 26. Rc1 Ra8 27. Qb1 Bf7 28. d5 Qd6 29. Bxg7 Kxg7 30. Rc6 Qe5 31. Bf1 e3 32. fxe3 Qxe3+ 33. Kh1 Rfe8 34. Rc7 Kg8 35. d6 Qe5 36. Rxf7 Kxf7 37. Qb3+ Kg7 38. d7 Re7 39. Qd1 Rd8 40. Bc4 Qe1+ 41. Qxe1 Rxe1+ 42. Kg2 Rxd7 43. Nd5 Rxd5 44. Bxd5 Rb1 45. Bc6 Kf6 46. Kf3 g5 47. h4 h6 48. hxg5+ hxg5 49. Kf2 Ke5 50. Ke3 Rb4 0-1

[Event "Wuerttemberg Rapid Teams 2024"]
[Site "B?blingen, Germany"]
[Date "2024.04.13"]
[Round "9.18"]
[White "Narr, Kevin"]
[Black "Namyslo, Holger"]
[Result "1/2-1/2"]
[ECO "D02"]
[WhiteElo "1977"]
[BlackElo "2125"]
[Annotator "RC"]
[PlyCount "110"]
[EventDate "2024.04.13"]
[EventType "team-tourn"]
[SourceTitle "playchess.com"]
[Source "ChessBase"]
[SourceQuality "1"]
[TimeControl "900+5"]

1. d4 d5 2. Nf3 Nf6 3. c3 e6 4. Bf4 c5 5. e3 Qb6 6. Qb3 Nc6 7. Nbd2 Be7 8. Be2 O-O 9. O-O c4 10. Qc2 h6 11. h3 Na5 12. Rab1 Bd6 13. Bxd6 Qxd6 14. e4 dxe4 15. Nxe4 Nxe4 16. Qxe4 Rb8 17. Bd1 Nc6 18. Bc2 f5 19. Qe2 b5 20. Rfe1 Nd8 21. Qe5 Qxe5 22. Nxe5 Nf7 23. Ng6 Rd8 24. Ne7+ Kf8 25. Nc6 Bd7 26. Nxb8 Rxb8 27. b3 cxb3 28. Bxb3 Rb6 29. Re2 Nd8 30. a3 Kf7 31. Rbe1 Kf6 32. f4 a5 33. Re5 b4 34. axb4 axb4 35. c4 Ra6 36. d5 Nf7 37. dxe6 Nxe5 38. Rxe5 Bxe6 39. Rb5 Ra1+ 40. Kh2 Rb1 41. Rxb4 Bxc4 42. Rb6+ Ke7 43. Rb7+ Kd6 44. Rxg7 Rxb3 45. Rg6+ Kd5 46. Rxh6 Ke4 47. Rh8 Bd5 48. Rh4 Rb2 49. Kg1 Ke3 50. g4 Rg2+ 51. Kf1 Be4 52. gxf5 Ra2 53. Kg1 Kf3 54. Rg4 Bxf5 55. Rg7 Kxf4 1/2-1/2

[Event "Wuerttemberg Rapid Teams 2024"]
[Site "B?blingen, Germany"]
[Date "2024.04.13"]
[Round "9.19"]
[White "Sulzbacher, Kurt"]
[Black "Schulze, Andreas"]
[Result "1/2-1/2"]
[ECO "B74"]
[WhiteElo "1976"]
[BlackElo "2080"]
[Annotator "RC"]
[PlyCount "118"]
[EventDate "2024.04.13"]
[EventType "team-tourn"]
[SourceTitle "playchess.com"]
[Source "ChessBase"]
[SourceQuality "1"]
[TimeControl "900+5"]

1. e4 c5 2. Nf3 d6 3. d4 cxd4 4. Nxd4 Nf6 5. Nc3 g6 6. Be2 Bg7 7. Be3 O-O 8. O-O Nc6 9. Nb3 a6 10. a4 Be6 11. f4 Qd7 12. Kh1 Rac8 13. Bf3 Bc4 14. Re1 e5 15. Qd2 Rfd8 16. Rad1 Ng4 17. Bb6 Bxb3 18. Bxd8 Rxd8 19. cxb3 Nd4 20. Bxg4 Qxg4 21. Ne2 Nxb3 22. Qb4 Nc5 23. Nc3 exf4 24. Rf1 Be5 25. Nd5 Qh4 26. Rd2 f3 27. gxf3 Qh3 28. Rg2 Bxh2 29. Rd1 Be5+ 30. Kg1 Qxf3 31. Rf1 Qxe4 32. Qxe4 Nxe4 33. Rc2 Rd7 34. b4 Kg7 35. Kg2 f5 36. Nb6 Rf7 37. Rfc1 f4 38. Rc7 f3+ 39. Kh3 Rxc7 40. Rxc7+ Kh6 41. Nd5 Kg5 42. Rxb7 Nd2 43. Rf7 Bd4 44. Kg3 f2 45. Rxf2 Bxf2+ 46. Kxf2 Kf5 47. b5 axb5 48. a5 Ne4+ 49. Ke3 Nc5 50. Nc7 h5 51. Nxb5 Ke5 52. Nc3 d5 53. Ne2 Kd6 54. Nf4 Kc6 55. Nxg6 Kb5 56. Nf4 h4 57. Nxd5 Kxa5 58. Kf3 Ne6 59. Kg4 Kb5 1/2-1/2

[Event "Wuerttemberg Rapid Teams 2024"]
[Site "B?blingen, Germany"]
[Date "2024.04.13"]
[Round "9.20"]
[White "Kaufmann, Gunther"]
[Black "Birkenmaier, Rainer"]
[Result "0-1"]
[ECO "B06"]
[WhiteElo "1852"]
[BlackElo "2111"]
[Annotator "RC"]
[PlyCount "76"]
[EventDate "2024.04.13"]
[EventType "team-tourn"]
[SourceTitle "playchess.com"]
[Source "ChessBase"]
[SourceQuality "1"]
[TimeControl "900+5"]

1. e4 g6 2. d4 Bg7 3. f4 c6 4. Nf3 d5 5. e5 Bg4 6. Be2 e6 7. O-O h5 8. c4 dxc4 9. Bxc4 Ne7 10. Nc3 Nf5 11. h3 Bxf3 12. Rxf3 Nd7 13. Ne4 Nb6 14. Bb3 O-O 15. Be3 Nd5 16. Bf2 h4 17. Rc1 Qe7 18. Qe1 Rfd8 19. Ng5 Qb4 20. Qe4 a5 21. Rc4 Qe7 22. a4 Rac8 23. Qe1 Nb6 24. Rc1 Nxd4 25. Bxd4 Rxd4 26. Qxh4 Rcd8 27. Qh7+ Kf8 28. Bxe6 Rd1+ 29. Rxd1 Rxd1+ 30. Kh2 fxe6 31. Qxg6 Rd7 32. Nxe6+ Kg8 33. Rg3 Qf7 34. f5 Qxg6 35. Rxg6 Re7 36. Rxg7+ Rxg7 37. Nxg7 Kxg7 38. g4 Nxa4 0-1

[Event "Wuerttemberg Rapid Teams 2024"]
[Site "B?blingen, Germany"]
[Date "2024.04.13"]
[Round "9.21"]
[White "Gabriel, Robert"]
[Black "Kottke, Markus"]
[Result "1/2-1/2"]
[ECO "E61"]
[WhiteElo "2161"]
[BlackElo "2218"]
[Annotator "RC"]
[PlyCount "72"]
[EventDate "2024.04.13"]
[EventType "team-tourn"]
[SourceTitle "playchess.com"]
[Source "ChessBase"]
[SourceQuality "1"]
[TimeControl "900+5"]

1. d4 Nf6 2. Nf3 g6 3. c4 Bg7 4. Nc3 d6 5. Bg5 O-O 6. e3 Nbd7 7. Be2 c6 8. O-O Qc7 9. h3 e5 10. dxe5 dxe5 11. Qc2 a5 12. Rfd1 Nc5 13. e4 Ne6 14. Be3 Nh5 15. Na4 Nhf4 16. Bf1 f5 17. Nb6 Rb8 18. c5 Kh8 19. Nxc8 Rbxc8 20. Bc4 Rcd8 21. a3 Nd4 22. Nxd4 exd4 23. Bxf4 Qxf4 24. exf5 Rxf5 25. Bd3 Rg5 26. g3 Qf8 27. b4 Rd7 28. Kg2 Rf7 29. Re1 Qd8 30. Rad1 axb4 31. axb4 Re5 32. Rxe5 Bxe5 33. Re1 Bf6 34. Bc4 Re7 35. Rxe7 Qxe7 36. Qe2 Qxe2 1/2-1/2

[Event "Wuerttemberg Rapid Teams 2024"]
[Site "B?blingen, Germany"]
[Date "2024.04.13"]
[Round "9.22"]
[White "Hofer, Markus"]
[Black "Gabriel, Josef"]
[Result "0-1"]
[ECO "B06"]
[WhiteElo "2047"]
[BlackElo "1997"]
[Annotator "NA RC"]
[PlyCount "60"]
[EventDate "2024.04.13"]
[EventType "team-tourn"]
[SourceTitle "playchess.com"]
[Source "ChessBase"]
[SourceQuality "1"]
[TimeControl "900+5"]

1. d4 g6 2. e4 d6 3. Nc3 Bg7 4. Nf3 a6 5. a4 b6 6. Be2 Bb7 7. O-O Nd7 8. Be3 e5 9. dxe5 Nxe5 10. Nd4 Ne7 11. f4 N5c6 12. f5 Nxd4 13. Bxd4 Be5 14. fxg6 hxg6 15. Bxe5 dxe5 16. Bc4 O-O 17. Qf3 Qd4+ 18. Rf2 Qxc4 19. Raf1 Rad8 20. h4 Rd4 21. h5 Bxe4 22. Nxe4 Rxe4 23. b3 Qc6 24. Qg3 Rf4 25. Rxf4 exf4 26. Qxf4 Qc5+ 27. Rf2 Qxh5 28. g4 Qc5 29. b4 Qc3 30. Rh2 Nd5 0-1

[Event "Wuerttemberg Rapid Teams 2024"]
[Site "B?blingen, Germany"]
[Date "2024.04.13"]
[Round "9.24"]
[White "Brettschneider, Karl"]
[Black "Siegle, Florian"]
[Result "1-0"]
[ECO "A16"]
[WhiteElo "1965"]
[BlackElo "1912"]
[Annotator "TA"]
[PlyCount "59"]
[EventDate "2024.04.13"]
[EventType "team-tourn"]
[SourceTitle "playchess.com"]
[Source "ChessBase"]
[SourceQuality "1"]
[TimeControl "900+5"]

1. c4 Nf6 2. Nc3 d5 3. cxd5 Nxd5 4. g3 Nxc3 5. bxc3 Bd7 6. Bg2 Bc6 7. Nf3 g5 8. O-O {[%emt 0:00:06] White is better.} g4 9. Nd4 ({White should play} 9. Ne1 $16) 9... Bxg2 $11 10. Kxg2 {[%emt 0:00:03] With the idea Qb3.} h5 11. e4 (11. Qb3 $14) 11... Bg7 (11... e5 $11 {keeps the balance.} 12. Qa4+ Qd7 13. Qxd7+ Kxd7) 12. Nf5 $16 Bf6 (12... Qd3 $142 13. Nxg7+ Kf8) 13. d4 e6 {[%emt 0:01:03] [#]} 14. Ne3 Be7 15. Qb3 (15. f3 $18) 15... b6 16. Bb2 Nd7 17. Rad1 {[%emt 0:01:02] White is more active.} Nf6 ({Black should try} 17... Qc8) 18. d5 e5 19. f3 {[%emt 0:01:15][%cal Od5d6] [#] aiming for d6!} Bd6 20. Qc2 Bc5 (20... Nd7 $16 21. f4 (21. fxg4 Qg5 $16) 21... f6) 21. Nf5 $18 {[%emt 0:00:25][%cal Be3f5,Bf5g7,Bg7f5][%mdl 32] Hoping for f4.} Qd7 22. Ng7+ Ke7 $2 (22... Kf8 {is a better chance.}) 23. Nf5+ Kf8 24. f4 Re8 25. fxe5 Rxe5 26. c4 Bd6 (26... Qe8 27. Bxe5 Qxe5) 27. Nxd6 Qxd6 28. Qf2 Rh6 29. Qf4 Rxe4 30. Qxh6+ {[%emt 0:00:07] Weighted Error Value: White=0.32/Black=0.71.  Mistake:       	White=3     	Black=6      Inaccurate:     	---       	Black=2      OK:         	White=8     	Black=7      Best:        	White=1     	Black=1} 1-0

[Event "Wuerttemberg Rapid Teams 2024"]
[Site "B?blingen, Germany"]
[Date "2024.04.13"]
[Round "9.26"]
[White "Kaufmann, Thorsten"]
[Black "Bodriyenko, Markiyan"]
[Result "1-0"]
[ECO "C70"]
[WhiteElo "2057"]
[BlackElo "1728"]
[Annotator "NA RC"]
[PlyCount "125"]
[EventDate "2024.04.13"]
[EventType "team-tourn"]
[SourceTitle "playchess.com"]
[Source "ChessBase"]
[SourceQuality "1"]
[TimeControl "900+5"]

1. e4 e5 2. Nf3 Nc6 3. Bb5 a6 4. Ba4 f5 5. Nc3 Nf6 6. Qe2 d6 7. Bxc6+ bxc6 8. d4 exd4 9. exf5+ Qe7 10. Nxd4 Qxe2+ 11. Ncxe2 c5 12. Ne6 Bxe6 13. fxe6 h6 14. O-O g5 15. f4 gxf4 16. Nxf4 Bg7 17. e7 Rg8 18. Ne6 Kxe7 19. Nxg7 Rxg7 20. Bxh6 Rg6 21. Rae1+ Kd7 22. Bg5 Nd5 23. h4 Rag8 24. Rf7+ Kc6 25. c4 Nb4 26. a3 Nd3 27. Ree7 Rc8 28. b3 Ne5 29. Rf5 Rcg8 30. Rexe5 dxe5 31. Rxe5 Rd6 32. Re3 Rf8 33. Be7 Rd1+ 34. Kh2 Rg8 35. Bg5 Ra1 36. a4 Rd1 37. g3 Kb6 38. Be7 Kc6 39. Bg5 Kb6 40. Bf4 Rg7 41. Re8 Rd3 42. Rb8+ Ka7 43. Re8 Rxb3 44. Re5 Kb6 45. h5 Ka5 46. Rxc5+ Kxa4 47. h6 Rh7 48. Rxc7 Rxc7 49. Bxc7 Rb7 50. h7 Rxc7 51. h8=Q Rxc4 52. Qa1+ Kb5 53. Qe5+ Kb4 54. Qd6+ Kb5 55. Qd5+ Rc5 56. Qd3+ Rc4 57. g4 a5 58. g5 a4 59. g6 Kb4 60. Qxc4+ Kxc4 61. g7 a3 62. g8=Q+ Kb4 63. Qa2 1-0

[Event "Wuerttemberg Rapid Teams 2024"]
[Site "B?blingen, Germany"]
[Date "2024.04.13"]
[Round "9.27"]
[White "Albrecht, Neil"]
[Black "Retzlaff, Kian"]
[Result "0-1"]
[ECO "D04"]
[WhiteElo "1950"]
[BlackElo "1793"]
[Annotator "TA"]
[PlyCount "72"]
[EventDate "2024.04.13"]
[EventType "team-tourn"]
[SourceTitle "playchess.com"]
[Source "ChessBase"]
[SourceQuality "1"]
[TimeControl "900+5"]

1. d4 d5 2. Nf3 Nf6 3. e3 c6 4. Bd3 Bg4 5. Nbd2 e6 6. b3 Nbd7 7. h3 Bh5 8. Bb2 {[%emt 0:00:06] The position is equal.} Bd6 9. c4 O-O 10. Qc2 a5 11. a3 Bg6 12. Bxg6 hxg6 13. O-O Qe7 14. e4 dxe4 15. Nxe4 Nxe4 16. Qxe4 Nf6 17. Qe2 Qd7 18. Rfd1 b5 19. Rac1 Qb7 20. Qd3 Rab8 21. Nd2 Bf4 22. Rc2 Bxd2 23. Rdxd2 Rfd8 24. f3 Kf8 25. Qc3 b4 26. axb4 axb4 27. Qe3 Kg8 28. Kh1 (28. g4 {is more complex.} Qc7 29. Kg2 Qd6 30. h4) 28... Ra8 29. Qe5 Qa6 30. Kg1 Qa2 31. Qe3 Qa5 32. Kh1 Qh5 33. Kh2 Qa5 34. Kh1 (34. g4 $14 {feels stronger.}) 34... Qb6 (34... Qh5 $11) 35. Kg1 (35. g4 $14) 35... Ra7 {[%emt 0:00:30] [#]} (35... Qa5 $11) 36. d5 $2 Qxe3+ {[%emt 0:00:03] Weighted Error Value: White=0.35/Black=0.14 (very precise) .  Loses game:     	White=1     	---        Mistake:       	White=2     	Black=2      Inaccurate:     	White=6     	Black=5      OK:         	White=7     	Black=4      Best:        	---       	Black=1} 0-1

[Event "Wuerttemberg Rapid Teams 2024"]
[Site "B?blingen, Germany"]
[Date "2024.04.13"]
[Round "9.29"]
[White "Strathmann, Sacha"]
[Black "Kulm, Justin"]
[Result "1-0"]
[ECO "B30"]
[WhiteElo "2125"]
[BlackElo "1963"]
[Annotator "RC"]
[PlyCount "41"]
[EventDate "2024.04.13"]
[EventType "team-tourn"]
[SourceTitle "playchess.com"]
[Source "ChessBase"]
[SourceQuality "1"]
[TimeControl "900+5"]

1. e4 c5 2. Nf3 Nc6 3. b4 Nxb4 4. c3 Nc6 5. d4 cxd4 6. cxd4 e6 7. Nc3 Bb4 8. Bd2 Nf6 9. Bd3 d5 10. e5 Bxc3 11. Bxc3 Ne4 12. Bxe4 dxe4 13. Nd2 Nxd4 14. Nxe4 Nb5 15. Bb4 Qd5 16. Qg4 h5 17. Qf4 a5 18. Rd1 Qxa2 19. Bd6 Bd7 20. O-O g6 21. Qf6 1-0

[Event "Wuerttemberg Rapid Teams 2024"]
[Site "B?blingen, Germany"]
[Date "2024.04.13"]
[Round "9.30"]
[White "Bueble, Joschua"]
[Black "Baur, Frank"]
[Result "0-1"]
[ECO "D31"]
[WhiteElo "1972"]
[BlackElo "2050"]
[Annotator "RC"]
[PlyCount "90"]
[EventDate "2024.04.13"]
[EventType "team-tourn"]
[SourceTitle "playchess.com"]
[Source "ChessBase"]
[SourceQuality "1"]
[TimeControl "900+5"]

1. d4 d5 2. c4 e6 3. Nc3 a6 4. Nf3 dxc4 5. a4 Nc6 6. e3 Na5 7. Ne5 Bb4 8. Nxc4 c5 9. dxc5 Qxd1+ 10. Kxd1 Nxc4 11. Bxc4 Bxc5 12. Ne4 Be7 13. Ke2 Nf6 14. Nc3 Bd7 15. e4 Bc6 16. f3 O-O 17. Be3 Rac8 18. b3 Nd7 19. Kf2 Rfd8 20. Rad1 Bc5 21. Rd2 Bb4 22. Rc2 Ne5 23. Na2 Be7 24. Be2 Nd3+ 25. Bxd3 Rxd3 26. Rc3 Rxc3 27. Nxc3 b5 28. axb5 axb5 29. Bd4 b4 30. Na4 Bb5 31. Ke3 Rc2 32. g4 f6 33. f4 Re2+ 34. Kf3 Rxe4 35. Kxe4 Bc6+ 36. Kd3 Bxh1 37. Kc4 Bd5+ 38. Kb5 Bxb3 39. Nc5 Bd1 40. g5 b3 41. Kc4 fxg5 42. fxg5 Bxg5 43. Nxe6 Bc1 44. Bxg7 Kf7 45. Nd4 b2 0-1